 Dungeon Crawl Stone Soup version 0.17-a0-1667-g4ca74a1 (webtiles) character file.

60188 kae the Wrestler (level 14, -4/129 HPs)
             Began as a Ghoul Monk on Aug 17, 2015.
             Was a High Priest of Okawaru.
             Slain by an orc
             ... wielding a +0 club
             ... led by an orc warlord
              (7 damage)
             ... on level 4 of the Orcish Mines.
             The game lasted 00:34:13 (18732 turns).

kae the Wrestler (Ghoul Monk)                      Turns: 18732, Time: 00:34:13

Health: -4/129     AC: 11    Str: 28    XL:     14   Next: 98%
Magic:  13/13      EV: 18    Int:  7    God:    Okawaru [*****.]
Gold:   1868       SH:  0    Dex: 18    Spells: 0 memorised, 13 levels left

rFire  x . .     SeeInvis .       - Unarmed
rCold  + . .     Clarity  .     Z - +0 troll leather armour
rNeg   + + +     SustAt   .     (no shield)
rPois  ∞         Gourm    .     X - +0 hat
rElec  .         Spirit   .     n - +0 cloak
rCorr  .         Warding  .     Y - +2 pair of gloves {archery}
rMut   .         Stasis   .     G - +0 pair of boots of Xiawk {+Inv rF- rN+ Str+7}
MR     ++...                    (no amulet)
Stlth  +++.......               a - +2 ring of protection
                                e - ring of protection from magic

@: mighty, agile, very slightly contaminated, rotting, very resistant to hostile
enchantments, fairly stealthy
A: rotting body, claws 1, carnivore 3, cold resistance 1, negative energy
resistance 3, slow healing 1, torment resistance, unbreathing
a: Heroism, Finesse, Renounce Religion, Evoke Invisibility


You were on level 4 of the Orcish Mines.
You worshipped Okawaru.
Okawaru was extremely pleased with you.
You were not hungry.

You visited 3 branches of the dungeon, and saw 21 of its levels.
You also visited: Sewer, Ossuary and Ice Cave.

You collected 1898 gold pieces.
You spent 30 gold pieces at shops.

Inventory:

Armour
 c - a +1 pair of boots of stealth
 g - a +2 robe of cold resistance
 n - a +0 cloak (worn)
 A - a +0 scale mail of fire resistance
 G - the +0 pair of boots of Xiawk (worn) {+Inv rF- rN+ Str+7}
   (Okawaru gifted it to you on level 5 of the Lair of Beasts)

   It affects your strength (+7).
   It makes you vulnerable to fire.
   It protects you from negative energy.
   It lets you turn invisible.
 X - a +0 hat (worn)
 Y - a +2 pair of gloves of archery (worn)
 Z - a +0 troll leather armour (worn)
Jewellery
 a - a +2 ring of protection (right hand)
 e - a ring of protection from magic (left hand)
 m - an uncursed ring of sustain attributes
 B - an uncursed ring of flight
 C - a +2 ring of intelligence
 O - an uncursed ring of teleportation
 Q - an uncursed ring of ice
 W - an uncursed amulet of stasis
Magical devices
 f - a wand of fire (13)
 y - a wand of digging (5)
 F - a wand of polymorph (3)
 J - a wand of disintegration (8)
 K - a wand of draining (5)
 U - a wand of hasting (3)
Scrolls
 j - 4 scrolls of magic mapping
 o - 12 scrolls of teleportation
 q - 11 scrolls of identify
 s - 2 scrolls of enchant armour
 D - 2 scrolls of remove curse
 E - a scroll of vulnerability {unknown}
 N - a scroll of summoning
 R - 3 scrolls of fog
 T - 2 scrolls of amnesia
Potions
 d - 5 potions of curing
 i - 6 potions of cancellation
 k - 3 potions of ambrosia
 l - 6 potions of flight
 r - 4 potions of haste
 w - 3 potions of brilliance
 x - 4 potions of resistance
 z - 4 potions of magic
 M - 2 potions of might
Books
 h - a book of Unlife

   Spells                             Type                      Level
   a - Recall                         Summoning/Translocation      3
   b - Animate Dead                   Necromancy                   4
   c - Control Undead                 Necromancy                   4
   d - Cigotuvi's Embrace             Necromancy                   5
   e - Death Channel                  Necromancy                   6
   f - Simulacrum                     Ice/Necromancy               6
 t - a book of Ice

   Spells                             Type                      Level
   a - Ice Form                       Ice/Transmutation            4
   b - Metabolic Englaciation         Hexes/Ice                    5
   c - Ozocubu's Refrigeration        Ice                          6
   d - Bolt of Cold                   Conjuration/Ice              6
   e - Freezing Cloud                 Conjuration/Ice/Air          6
   f - Simulacrum                     Ice/Necromancy               6
 H - a book of Changes

   Spells                             Type                      Level
   a - Beastly Appendage              Transmutation                1
   b - Sticks to Snakes               Transmutation                2
   c - Spider Form                    Transmutation/Poison         3
   d - Ice Form                       Ice/Transmutation            4
   e - Blade Hands                    Transmutation                5
 I - a book of Beasts

   Spells                             Type                      Level
   a - Summon Butterflies             Summoning                    1
   b - Call Canine Familiar           Summoning                    3
   c - Summon Ice Beast               Ice/Summoning                4
   d - Summon Mana Viper              Hexes/Summoning              5
   e - Summon Hydra                   Summoning                    7
 L - a book of Summonings

   Spells                             Type                      Level
   a - Recall                         Summoning/Translocation      3
   b - Aura of Abjuration             Summoning                    5
   c - Shadow Creatures               Summoning                    5
   d - Summon Demon                   Summoning                    5
   e - Summon Forest                  Summoning/Translocation      5
   f - Summon Mana Viper              Hexes/Summoning              5
 P - a book of Annihilations

   Spells                             Type                      Level
   a - Poison Arrow                   Conjuration/Poison           6
   b - Chain Lightning                Conjuration/Air              8
   c - Lehudib's Crystal Spear        Conjuration/Earth            8
   d - Glaciate                       Conjuration/Ice              9
   e - Fire Storm                     Conjuration/Fire             9
Comestibles
 b - 12 meat rations
 p - 5 slices of pizza
 u - a beef jerky
 S - a royal jelly


   Skills:
 + Level 13.5 Fighting
 - Level 2.6 Dodging
 - Level 2.1 Stealth
 - Level 22.5 Unarmed Combat


You had 13 spell levels left.
You didn't know any spells.

Dungeon Overview and Level Annotations

Branches:
Dungeon (10/15)            Temple (0/1) D:5            Lair (7/8) D:9
  Swamp (0/4) Lair:4       Spider (0/4) Lair:4          Orc (4/4) D:9
  Slime: Lair:6-8       Elf: Orc:3-4

Altars:
Ashenzari
Elyvilon
Gozag
Makhleb
Nemelex Xobeh
Okawaru
Qazlal
Ru
Sif Muna
Vehumet
Xom

Shops:
D:4 *   Orc:2 *


Innate Abilities, Weirdness & Mutations

Your body is rotting away.
You thrive on raw meat.
You are immune to poison.
You have sharp fingernails.
You are carnivorous and can eat meat at any time.
Your flesh is cold resistant.
You are immune to negative energy.
You heal slowly when monsters are visible.
You are immune to unholy pain and torment.
You can survive without breathing.


Message History

You kill the orc!
Unknown command.
You hit the troll.
The troll is lightly wounded.
The troll barely misses you. x2
The troll claws you.
* * * LOW HITPOINT WARNING * * *
An orc warrior comes into view. It is wielding a trident of venom.
You punch the troll! x2
The troll is heavily wounded.
The orc completely misses you.
You punch the troll!
The troll is almost dead.
The troll barely misses you. The troll claws you!
* * * LOW HITPOINT WARNING * * *
The troll barely misses you.
You hit the troll.
The troll is almost dead.
The orc hits you with a club!
You die...

.#####..................
...#.....................
#........................
#........................
#.#.#.....................
.............(............
....#.....................
#...#............ ......
.........@....... ......
#......)oT....... ......
###.#.#)o........ ......
####))####..#o. #..###
##.(# ###8. ### #...# #
##..## ##.#....##
#........#


You could see a troll, an orc warrior, an orc priest and an orc (frenzied).

Vanquished Creatures
  Gastronok (D:9)
  Kirke (Lair:7)
  Maud (Lair:3)
  An orc warlord (Orc:4)
  Snorg (Lair:3)
  3 hydras
  An ice dragon (Lair:6)
  Erolcha (D:10)
  A catoblepas (Lair:7)
  The ghost of emiel the Geomancer, an experienced FoEE of Cheibriados (D:9)
  15 death yaks
  The ghost of Ajdolov the Basher, an experienced GrBe of Trog (D:10)
  The ghost of Grimur the Cleaver, an experienced MiBe of Trog (D:7)
  Nergalle (D:10)
  A necromancer (IceCv)
  3 ice statues (IceCv)
  A hill giant (D:10)
  An orc knight (Orc:4)
  Pikel (D:7)
  2 orc sorcerers (Orc:4)
  The ghost of Grimur the Chopper, an experienced MiBe of Trog (D:7)
  Maurice (D:8)
  6 black mambas
  10 elephants
  Psyche (D:8)
  5 komodo dragons
  11 spiny frogs
  3 trolls
  2 polar bears (Lair:2)
  9 blink frogs
  5 blue devils (IceCv)
  Prince Ribbit (D:7)
  A trapdoor spider zombie (D:9)
  A two-headed ogre (D:9)
  A wyvern (Lair:4)
  A hungry ghost (D:9)
  A spriggan (Lair:2)
  5 hippogriffs
  Eustachio (D:6)
  2 deep elf magi
  4 hogs (Lair:7)
  2 basilisks (Lair:5)
  3 yaks (Lair:4)
  13 wolves
  2 steam dragons
  12 water moccasins
  Edmund (D:6)
  4 wargs
  14 orc warriors
  4 slaves (D:7)
  9 porcupines
  4 sky beasts
  7 spiders (Lair:4)
  2 black bears
  11 ice beasts
  8 ogres
  An eye of draining (D:9)
  3 phantoms
  11 crocodiles
  7 centaurs
  5 big kobolds (Sewer)
  Blork the orc (D:6)
  13 giant frogs
  2 gnoll sergeants
  15 scorpions
  6 wights
  6 killer bees (D:9)
  2 electric eels (Lair:5)
  5 centaur zombies (Ossuary)
  A draconian simulacrum (IceCv)
  2 jellies
  6 crimson imps
  2 human zombies (Ossuary)
  3 giant frog zombies
  22 orc wizards
  15 orc priests
  7 hounds
  A giant frog skeleton (D:5)
  4 worker ants
  6 iguanas
  2 troll simulacra (IceCv)
  9 hell rats
  A killer bee zombie (D:7)
  18 sheep
  2 spriggan simulacra (IceCv)
  3 big kobold zombies (Ossuary)
  2 centaur simulacra (IceCv)
  3 hound skeletons (D:4)
  3 mummies (Ossuary)
  A worker ant zombie (D:8)
  19 adders
  A naga simulacrum (IceCv)
  2 ogre simulacra (IceCv)
  8 gnolls
  28 river rats
  3 scorpion zombies (Ossuary)
  A shadow imp (D:5)
  3 oozes
  5 worms
  5 giant geckos
  126 orcs
  5 giant cockroaches
  8 goblins
  10 hobgoblins
  7 jackals
  6 quokkas
  7 ball pythons (Sewer)
  6 bats
  A giant cockroach zombie (D:6)
  4 giant newts
  2 goblin zombies (Ossuary)
  A hobgoblin zombie (Ossuary)
  A jackal zombie (D:5)
  11 kobolds
  4 orc zombies (Ossuary)
  A quokka skeleton (D:6)
  A quokka zombie (D:6)
  37 rats
710 creatures vanquished.

Vanquished Creatures (others)
  A human (Lair:7)
  5 fungi
  12 plants
18 creatures vanquished.

Grand Total: 728 creatures vanquished

Notes
Turn   | Place    | Note
--------------------------------------------------------------
     0 | D:1      | kae the Ghoul Monk began the quest for the Orb.
     0 | D:1      | Reached XP level 1. HP: 19/19 MP: 0/0
   141 | D:1      | Reached XP level 2. HP: 24/26 MP: 1/1
   155 | D:1      | Reached skill level 5 in Unarmed Combat
   452 | D:1      | Reached XP level 3. HP: 10/31 MP: 2/2
   546 | D:1      | Found a sparkling altar of Nemelex Xobeh.
   996 | D:2      | Reached skill level 6 in Unarmed Combat
   996 | D:2      | Reached XP level 4. HP: 30/38 MP: 3/3
  1097 | D:2      | Found a shattered altar of Ashenzari.
  1117 | D:2      | Found an iron altar of Okawaru.
  1147 | D:2      | Became a worshipper of Warmaster Okawaru
  1147 | D:2      | Acquired Okawaru's first power
  1756 | D:3      | Found an opulent altar of Gozag.
  1978 | D:3      | Found a deep blue altar of Sif Muna.
  2162 | D:4      | Reached XP level 5. HP: 42/44 MP: 4/4
  2177 | D:4      | Reached skill level 7 in Unarmed Combat
  2223 | D:4      | Found Ocion's General Store.
  2228 | D:4      | Bought a scroll of teleportation for 30 gold pieces
  2348 | D:4      | Reached XP level 6. HP: 47/51 MP: 5/5
  2462 | D:4      | Reached skill level 8 in Unarmed Combat
  2542 | D:4      | Found a glowing drain.
  2568 | Sewer    | Entered a sewer
  2812 | Sewer    | Reached skill level 9 in Unarmed Combat
  2812 | Sewer    | Reached XP level 7. HP: 54/56 MP: 6/6
  3127 | Sewer    | Reached skill level 10 in Unarmed Combat
  3435 | D:5      | Entered Level 5 of the Dungeon
  3649 | D:5      | Reached XP level 8. HP: 63/63 MP: 7/7
  3667 | D:5      | Found a shimmering altar of Xom.
  3699 | D:5      | Found a shimmering altar of Xom.
  3733 | D:5      | Found a shimmering altar of Xom.
  3791 | D:5      | Found a staircase to the Ecumenical Temple.
  3909 | D:5      | Found a sacrificial altar of Ru.
  3951 | D:5      | Found a shimmering altar of Xom.
  3953 | D:5      | Found a shimmering altar of Xom.
  3954 | D:5      | Found a shimmering altar of Xom.
  3954 | D:5      | Found a shimmering altar of Xom.
  4061 | D:5      | Reached skill level 11 in Unarmed Combat
  4104 | D:5      | Found a stormy altar of Qazlal.
  4434 | D:6      | Noticed Blork the orc
  4444 | D:6      | Killed Blork the orc
  4515 | D:6      | Found a sparkling altar of Nemelex Xobeh.
  4584 | D:6      | Found a burning altar of Makhleb.
  4591 | D:6      | Noticed an Executioner
  4743 | D:6      | Found a radiant altar of Vehumet.
  4744 | D:6      | Noticed Edmund
  4763 | D:6      | Killed Edmund
  4763 | D:6      | Reached skill level 12 in Unarmed Combat
  4951 | D:6      | Noticed Eustachio
  4958 | D:6      | Killed Eustachio
  4958 | D:6      | Reached XP level 9. HP: 64/67 MP: 5/8
  5045 | D:6      | Reached skill level 13 in Unarmed Combat
  5335 | D:7      | Noticed Prince Ribbit
  5343 | D:7      | Killed Prince Ribbit
  5401 | D:7      | Noticed Grimur's ghost (experienced MiBe)
  5435 | D:7      | Killed Grimur's ghost
  5435 | D:7      | Reached skill level 14 in Unarmed Combat
  5474 | D:7      | Noticed Grimur's ghost (experienced MiBe)
  5583 | D:7      | Killed Grimur's ghost
  5583 | D:7      | Acquired Okawaru's second power
  5583 | D:7      | Reached skill level 15 in Unarmed Combat
  5583 | D:7      | Reached XP level 10. HP: 28/77 MP: 7/9
  5845 | D:7      | Noticed Pikel
  5858 | D:7      | Killed Pikel
  6139 | D:7      | Received a gift from Okawaru
  6311 | D:8      | Noticed Maurice
  6326 | D:8      | Killed Maurice
  6326 | D:8      | Reached skill level 16 in Unarmed Combat
  6472 | D:8      | Noticed Psyche
  6481 | D:8      | Killed Psyche
  6518 | D:8      | Found a sand-covered staircase.
  6524 | Ossuary  | Entered an ossuary
  6963 | D:8      | Reached skill level 17 in Unarmed Combat
  6967 | D:8      | Reached XP level 11. HP: 71/82 MP: 8/10
  7427 | D:9      | Noticed emiel's ghost (experienced FoEE)
  7448 | D:9      | Killed emiel's ghost
  7472 | D:9      | Noticed Gastronok
  7727 | D:9      | Killed Gastronok
  7727 | D:9      | Reached skill level 18 in Unarmed Combat
  7784 | D:9      | Found a staircase to the Lair.
  7907 | D:9      | Received a gift from Okawaru
  8354 | D:9      | Reached skill level 19 in Unarmed Combat
  8400 | D:9      | Found a staircase to the Orcish Mines.
  8528 | D:9      | Found a white marble altar of Elyvilon.
  8660 | D:10     | Entered Level 10 of the Dungeon
  8662 | D:10     | Noticed Ajdolov's ghost (experienced GrBe)
  8818 | D:10     | Killed Ajdolov's ghost
  8818 | D:10     | Reached XP level 12. HP: 70/89 MP: 9/11
  8842 | D:10     | Noticed Erolcha
  8856 | D:10     | Noticed Nergalle
  8864 | D:10     | Killed Nergalle
  8884 | D:10     | Killed Erolcha
  8962 | D:10     | Noticed a hill giant
  8971 | D:10     | Killed a hill giant
  9522 | Lair:1   | Entered Level 1 of the Lair of Beasts
  9587 | Lair:1   | Noticed a five-headed hydra
  9596 | Lair:1   | Killed a five-headed hydra
  9596 | Lair:1   | Reached skill level 20 in Unarmed Combat
 10305 | Lair:2   | Noticed a six-headed hydra
 10445 | Lair:2   | Killed a six-headed hydra
 10473 | Lair:2   | Received a gift from Okawaru
 10497 | Lair:2   | Found a frozen archway.
 10613 | IceCv    | Entered an ice cave
 10764 | IceCv    | Reached skill level 21 in Unarmed Combat
 10916 | IceCv    | Reached XP level 13. HP: 93/98 MP: 12/12
 11201 | IceCv    | Reached skill level 5 in Fighting
 12296 | Lair:3   | Noticed Snorg
 12309 | Lair:3   | Killed Snorg
 12641 | Lair:3   | Noticed Maud
 12656 | Lair:3   | Killed Maud
 12998 | Lair:4   | Found a hole to the Spider Nest.
 13277 | Lair:4   | Found a staircase to the Swamp.
 13610 | Lair:4   | Reached skill level 22 in Unarmed Combat
 14487 | Lair:5   | Received a gift from Okawaru
 14488 | Lair:5   | Got a pair of ancient boots {god gift}
 14865 | Lair:5   | Reached XP level 14. HP: 115/115 MP: 10/13
 14889 | Lair:5   | Identified the +0 pair of boots of Xiawk {+Inv rF- rN+ Str+7} (Okawaru gifted it to you on level 5 of the Lair of Beasts)
 15390 | Lair:6   | Found a stormy altar of Qazlal.
 15992 | Lair:7   | Noticed Kirke
 16016 | Lair:7   | Killed Kirke
 16050 | Lair:7   | Reached skill level 10 in Fighting
 16320 | Lair:7   | Received a gift from Okawaru
 16408 | Lair:7   | Received a gift from Okawaru
 17560 | Orc:1    | Entered Level 1 of the Orcish Mines
 18265 | Orc:2    | Found Suesaz's Superlative Supplies.
 18546 | Orc:3    | You fall through a shaft!
 18546 | Orc:4    | Entered Level 4 of the Orcish Mines
 18664 | Orc:4    | Noticed an orc warlord
 18699 | Orc:4    | Killed an orc warlord
 18699 | Orc:4    | Received a gift from Okawaru
 18724 | Orc:4    | HP: 3/129 [troll[an orc warlord] (11)]
 18731 | Orc:4    | HP: 3/129 [troll[an orc warlord] (8)]
 18732 | Orc:4    | Slain by an orc

Vault maps used:
D:1:      lightli_arrival_isolated_outpost, nemelex_diamond_rough_becter
D:2:      okawaru_ov_weapons_minmay, overflow_temple_1_default
D:3:      lemuel_blue_sif_altar, grunt_gozag_statues, first_bread
D:4:      gup_sewer_entry_glass, serial_shops, shop
D:5:      kennysheep_mini, xom_redecorated, nicolae_ru_awakened_eye,
          minmay_temple_entry_purple_smoke, bh_walls_and_bars
D:6:      lemuel_doored_altar, makhleb_altar_promises_db, vehumet_altar_wand_db,
          minmay_divided_ellipse, uniq_eustachio, uniq_edmund,
          uniq_blork_the_orc
D:7:      lemuel_ratsnest, grunt_ministairs_6, uniq_prince_ribbit1, uniq_pikel
D:8:      nicolae_ossuary_entry_plus, uniq_psyche, uniq_maurice
D:9:      lemuel_coloured_pillars_altar, erik_lair_orcish_takeover, david_orc_4,
          uniq_gastronok
D:10:     uniq_erica, uniq_nergalle, uniq_erolcha
Lair:2:   portal_ice_cave_entry_ice_beasts, grunt_forest_stairs_clearing
Lair:3:   uniq_snorg, uniq_maud
Lair:4:   swamp_mist, nicolae_spider_entry_tight_spaces
Lair:5:   serial_bayou, serial_bayou_shore_a, serial_bayou_lagoon_a,
          serial_bayou_crossing, serial_bayou_lake_a, serial_bayou_pond_c,
          minivault_24
Lair:6:   dragon1_lemuel, basic_altar
Lair:7:   beast_lair_carwin_10, uniq_kirke
Orc:2:    nicolae_alphabet_shops
Orc:3:    nicolae_orc_pool_cavern
Orc:4:    grunt_orc_cross
Sewer:    sewer_co_tree
Ossuary:  ossuary_minmay_scorpions
IceCv:    ice_cave_tombish

Action                   |  1- 3 |  4- 6 |  7- 9 | 10-12 | 13-15 || total
-------------------------+-------+-------+-------+-------+-------++-------
Melee: Unarmed           |   130 |   186 |   308 |   861 |   902 ||  2387
Invok: Heroism           |       |       |     8 |    17 |    18 ||    43
       Finesse           |       |       |       |     2 |       ||     2
 Abil: Evoke Invisibilit |       |       |       |       |     1 ||     1
  Use: Scroll            |       |       |    11 |    22 |     3 ||    36
       Potion            |       |       |       |     1 |     5 ||     6
 Stab: Sleeping          |     3 |     4 |     3 |     1 |    14 ||    25
       Distracted        |       |       |     1 |     1 |     2 ||     4
       Invisible         |       |       |       |       |     3 ||     3
  Eat: Chunk             |    19 |    21 |    26 |    86 |   101 ||   253
       Beef jerky        |       |       |       |       |     1 ||     1
